 Dungeon Crawl Stone Soup version 0.25.1-8-g42b30a86e7 (webtiles) character file.

Game seed: 16055534257356901246

1033 gruber the Frost Mage (level 8, -6/52 HPs)
             Began as a Demonspawn Ice Elementalist on Dec 21, 2020.
             Was an Initiate of Vehumet.
             Mangled by Grinder (8 damage)
             ... while paralysed by Grinder
             ... on level 5 of the Dungeon.
             The game lasted 00:05:31 (5657 turns).

gruber the Frost Mage (Demonspawn Ice Elementalist) Turns: 5657, Time: 00:05:31

Health: -6/52      AC: 14    Str: 14    XL:     8   Next: 3%
Magic:  0/14       EV:  2    Int: 20    God:    Vehumet [......]
Gold:   176        SH:  0    Dex: 13    Spells: 7/15 levels left

rFire    . . .     SeeInvis .   g - +1 dagger (venom)
rCold    + . .     Gourm    .   (no shield)
rNeg     . . .     Faith    .   p - +1 leather armour {rC+}
rPois    .         Spirit   +   (no helmet)
rElec    .         Reflect  .   q - +0 cloak
rCorr    .         Harm     .   (no gloves)
MR       .....                  (no boots)
Stlth    ++........             (no amulet)
HPRegen  0.17/turn              t - +6 ring of strength
MPRegen  0.14/turn              (no ring)

@: paralysed, sanguine armour, very slightly contaminated
A: talons 2, magic shield, rot immunity, sanguine armour 2
a: Renounce Religion


You were on level 5 of the Dungeon.
You worshipped Vehumet.
Vehumet was noncommittal.
You were not hungry.

You visited 2 branches of the dungeon, and saw 6 of its levels.

You collected 176 gold pieces.

Inventory:

Hand Weapons
 g - a +1 dagger of venom (weapon)
 r - a +2 flail of protection
Armour
 a - a +0 robe
 p - a +1 leather armour of cold resistance (worn)
 q - a +0 cloak (worn)
Jewellery
 t - a +6 ring of strength (left hand)
Wands
 n - a wand of enslavement (8)
Scrolls
 b - a scroll of remove curse {unknown}
 e - 5 scrolls of identify {unknown}
 f - 2 scrolls of blinking {unknown}
 h - 3 scrolls of amnesia {unknown}
 l - a scroll of teleportation {unknown}
 m - 2 scrolls of fog {unknown}
 u - a scroll of magic mapping {unknown}
Potions
 d - 2 potions of curing
 i - a potion of stabbing {unknown}
 j - a potion of heal wounds {unknown}
 k - 2 potions of degeneration {unknown}
 v - a potion of flight {unknown}
Comestibles
 c - 10 rations


   Skills:
 - Level 2.1 Armour
 - Level 1.7 Dodging
 - Level 1.7 Stealth
 - Level 4.1 Spellcasting
 - Level 8.2 Ice Magic


You had 7 spell levels left.
You knew the following spells:

 Your Spells              Type           Power        Failure   Level  Hunger
a - Freeze                Ice            ####         1%          1    None
b - Frozen Ramparts       Ice            #####.       1%          3    ###....
c - Hailstorm             Conj/Ice       ###.....     28%         4    ####...

Your spell library contained the following spells:

 Spells                   Type           Power        Failure   Level  Hunger
 Ozocubu's Armour         Chrm/Ice       ###.....     9%          3    ###....
 Animate Skeleton         Necr           N/A          16%         1    None
 Apportation              Tloc           #.....       16%         1    None
 Corona                   Hex            #......      16%         1    None
 Summon Small Mammal      Summ           #...         16%         1    None
 Summon Ice Beast         Ice/Summ       ###.....     28%         4    ####...


Dungeon Overview and Level Annotations

Branches:
Dungeon (5/15)             Temple (1/1) D:4

Altars:
Cheibriados
Dithmenos
Fedhas
Gozag
Kikubaaqudgha
Makhleb
Okawaru
Ru
Sif Muna
Trog
Uskayaw
Vehumet
Wu Jian
Yredelemnul
Zin
The Shining One

Annotations:
D:5 1 runed translucent door, Crazy Yiuf, Grinder


Innate Abilities, Weirdness & Mutations

You have razor-sharp toenails.
When hurt, damage is shared between your health and your magic reserves.
You are immune to rotting.
When seriously injured, your bleeding wounds create thick armour. (AC +9)


Message History

You completely miss Grinder. Your kick misses Grinder.
Grinder is moderately wounded.
Grinder barely misses you.
You hit Grinder. Your kick misses Grinder.
Grinder is moderately wounded.
Grinder hits you!
* * * LOW HITPOINT WARNING * * *
You writhe in agony.
* * * LOW HITPOINT WARNING * * *
Unknown command.
Unknown command.
You feel better. Grinder gestures at you.
You suddenly lose the ability to move!
Grinder hits you.
* * * LOW HITPOINT WARNING * * *
You writhe in agony.
* * * LOW HITPOINT WARNING * * *
Grinder hits you!
You die...

####(###..>.<..##.######.#
# # #.#
####.##...........# # #
##.#
#.#####.############### #
#..# #.# #.# .......... #
#.## ##.## #.# #######...
# #.# ##...####.# #... #
#.# #.........# ####
###.#####.☼§§#######.# ..
..........#§☼§§5@....# #.#
###.################## #.#
.##.### # # ......####
.........# ##....##.###
...........# ##....##.#.#
##### ##.#.##.#.# #)..#


You could see Grinder.

Vanquished Creatures
  Prince Ribbit (D:5)
  Edmund (D:4)
  A water moccasin (D:5)
  A centaur (D:5)
  Blork the orc (D:5)
  A scorpion (D:4)
  A howler monkey (D:4)
  A crimson imp (D:5)
  A bullfrog skeleton (D:4)
  A hound (D:4)
  An orc priest (D:2)
  A centaur skeleton (D:4)
  2 worker ants
  An orc wizard (D:2)
  A howler monkey skeleton (D:4)
  A worker ant zombie (D:5)
  7 adders
  An ooze (D:2)
  An adder skeleton (D:4)
  A worm (D:3)
  2 dart slugs
  6 leopard geckos
  3 orcs (D:2)
  9 bats
  3 giant cockroaches
  4 goblins
  12 hobgoblins
  9 jackals
  A quokka (D:2)
  6 frilled lizards
  2 jackal skeletons
  6 kobolds
  14 rats
104 creatures vanquished.

Vanquished Creatures (others)
  Ijyb (D:3)
1 creature vanquished.

Grand Total: 105 creatures vanquished

Notes
Turn   | Place    | Note
-------+----------+-------------------------------------------
     0 | D:1      | gruber the Demonspawn Ice Elementalist began the quest for
                  | the Orb.
     0 | D:1      | Reached XP level 1. HP: 13/13 MP: 3/3
   212 | D:1      | Reached skill level 4 in Ice Magic
   212 | D:1      | Gained mutation: You have sharp toenails. [demonic
                  | ancestry]
   212 | D:1      | Reached XP level 2. HP: 13/19 MP: 1/5
   897 | D:1      | Reached XP level 3. HP: 23/24 MP: 6/6
  1741 | D:2      | Learned a level 3 spell: Frozen Ramparts
  1751 | D:2      | Found an ancient bone altar of Kikubaaqudgha.
  1753 | D:2      | Gained mutation: When hurt, damage is shared between your
                  | health and your magic reserves. [demonic ancestry]
  1753 | D:2      | Reached XP level 4. HP: 30/30 MP: 3/7
  1758 | D:2      | Reached skill level 5 in Ice Magic
  1900 | D:2      | Found an ornate altar of the Wu Jian Council.
  2016 | D:2      | Learned a level 4 spell: Hailstorm
  2141 | D:2      | Gained mutation: You have razor-sharp toenails. [demonic
                  | ancestry]
  2141 | D:2      | Reached XP level 5. HP: 35/35 MP: 4/8
  3216 | D:3      | Noticed Ijyb
  3225 | D:3      | Killed Ijyb
  3821 | D:4      | Reached skill level 6 in Ice Magic
  3867 | D:4      | Gained mutation: You are immune to rotting. [demonic
                  | ancestry]
  3867 | D:4      | Reached XP level 6. HP: 41/41 MP: 6/10
  4584 | D:4      | Found a staircase to the Ecumenical Temple.
  4587 | D:4      | Noticed Edmund
  4607 | D:4      | Killed Edmund
  4607 | D:4      | Gained mutation: When seriously injured, your bleeding
                  | wounds create armour. (AC +9) [demonic ancestry]
  4607 | D:4      | Reached XP level 7. HP: 46/46 MP: 6/12
  4707 | Temple   | Entered the Ecumenical Temple
  4765 | Temple   | Became a worshipper of Vehumet
  4962 | D:5      | Entered Level 5 of the Dungeon
  4978 | D:5      | Reached skill level 7 in Ice Magic
  5071 | D:5      | Noticed Prince Ribbit
  5083 | D:5      | Killed Prince Ribbit
  5083 | D:5      | Reached skill level 1 in Armour
  5326 | D:5      | Found a runed translucent door.
  5327 | D:5      | Noticed Crazy Yiuf
  5390 | D:5      | Noticed Blork the orc
  5397 | D:5      | Killed Blork the orc
  5450 | D:5      | Reached skill level 8 in Ice Magic
  5450 | D:5      | Gained mutation: When seriously injured, your bleeding
                  | wounds create thick armour. (AC +9) [demonic ancestry]
  5450 | D:5      | Reached XP level 8. HP: 47/52 MP: 9/14
  5456 | D:5      | Found a shadowy altar of Dithmenos.
  5635 | D:5      | Noticed Grinder
  5654 | D:5      | HP: 2/52 [Grinder (6)]
  5655 | D:5      | Paralysed by Grinder for 7 turns
  5657 | D:5      | Mangled by Grinder

Illustrated notes

Levels and vault maps discovered:
D:1:      mrwooster_arrival_statue_2, layout_basic
D:2:      layout_loops_corners, gammafunk_temple_overflow_statue, first_ration,
          kennysheep_big_empty_room, minmay_heptomino_o4
D:3:      layout_basic, dk_noncrumbling_4, uniq_ijyb
D:4:      layout_loops_ring, minmay_temple_entry_overgrown,
          columned_hall_lemuel, uniq_edmund
D:5:      layout_loops_ring, grunt_dithmenos_smoke, gammafunk_ghost_grave,
          uniq_blork_the_orc, uniq_prince_ribbit1, uniq_crazy_yiuf_cottage,
          uniq_grinder
Temple:   regret_index_temple_waves

Skill      XL: |  1  2  3  4  5  6  7 |
---------------+----------------------+-----
Ice Magic      | 4 5 6 8 |  8.2
Spellcasting   | 3 4 |  4.1
Armour         | 2 |  2.1
Dodging        | |  1.7
Stealth        | |  1.7

Action                   |  1- 3 |  4- 6 |  7- 9 || total
-------------------------+-------+-------+-------++-------
Melee: Dagger            |   113 |   140 |    32 ||   285
       Unarmed           |     5 |       |       ||     5
       Kick              |    20 |    21 |     8 ||    49
 Cast: Freeze            |    13 |     5 |     5 ||    23
       Frozen Ramparts   |     1 |    14 |     9 ||    24
Evoke: Wand              |       |       |     2 ||     2
  Use: Potion            |       |       |     2 ||     2
 Stab: Sleeping          |     8 |     3 |       ||    11
  Eat: Chunk             |     3 |    10 |     4 ||    17
Armor: Robe              |    21 |    20 |       ||    41
       Leather armour    |       |    13 |     8 ||    21
Dodge: Dodged            |    75 |    83 |    20 ||   178
